 Dungeon Crawl Stone Soup version 0.26.1-11-gd32895ea62 (webtiles) character file.

Game seed: 8064737580429466988

2566 Zeld the Geomancer (level 9, -3/45 HPs)
             Began as a Gargoyle Earth Elementalist on Sept 4, 2021.
             Was an Initiate of Gozag.
             Slain by an orc warrior
             ... wielding a +0 mace
              (12 damage)
             ... on level 7 of the Dungeon.
             The game lasted 00:10:23 (10704 turns).

Zeld the Geomancer (Gargoyle Earth Elementalist)   Turns: 10704, Time: 00:10:23

Health: -3/45      AC:  8    Str: 11    XL:     9   Next: 57%
Magic:  18/18      EV: 13    Int: 20    God:    Gozag
Gold:   97         SH:  0    Dex: 10    Spells: 5/20 levels left

rFire    . . .     SeeInvis .   a - +4 dagger (venom)
rCold    . . .     Faith    .   (no shield)
rNeg     + . .     Spirit   .   c - +0 robe
rPois    ∞         Reflect  .   (no helmet)
rElec    +         Harm     .   (no cloak)
rCorr    .         Rampage  .   (no gloves)
Will     .....                  (no boots)
Stlth    +++.......             (no amulet)
HPRegen  0.15/turn              (no ring)
MPRegen  0.16/turn              (no ring)

@: gold aura
A: negative energy resistance 1, electricity resistance, unbreathing,
petrification resistance, miasma immunity, AC +6
a: Renounce Religion, Potion Petition, Call Merchant, Bribe Branch


You were on level 7 of the Dungeon.
You worshipped Gozag.
Gozag was noncommittal.
You visited 2 branches of the dungeon, and saw 8 of its levels.
You also visited: Ossuary.

You collected 1008 gold pieces.
You spent 231 gold pieces at shops.
You paid 680 gold pieces to Gozag.

Inventory:

Hand Weapons
 a - a +4 dagger of venom (weapon)
Missiles
 b - 207 stones (quivered)
Armour
 c - a +0 robe (worn)
Jewellery
 t - a cursed -4 ring of dexterity {unknown}
Wands
 d - a wand of random effects (11)
 v - a wand of polymorph (5)
 w - a wand of iceblast (10)
Scrolls
 e - 6 scrolls of remove curse
 f - 3 scrolls of fear
 h - 7 scrolls of teleportation
 m - 2 scrolls of blinking
 s - 2 scrolls of magic mapping
 x - 3 scrolls of enchant armour
 B - a scroll of acquirement {unknown}
Potions
 g - a potion of ambrosia {unknown}
 i - a potion of lignification {unknown}
 j - 5 potions of haste
 k - a potion of cancellation {unknown}
 l - a potion of attraction {unknown}
 n - a potion of resistance {unknown}
 o - 2 potions of heal wounds {unknown}
 p - 9 potions of curing {unknown}
 q - 3 potions of brilliance
 r - 4 potions of flight {unknown}
 u - 3 potions of mutation {unknown}
 z - 4 potions of might {unknown}
 A - 2 potions of degeneration {unknown}


   Skills:
 + Level 4.3 Armour
 + Level 4.0 Dodging
 + Level 5.8 Stealth
 * Level 6.2 Spellcasting
 + Level 4.3 Conjurations
 - Level 1.0 Transmutations
 * Level 8.5 Earth Magic


You had 5 spell levels left.
You knew the following spells:

 Your Spells              Type           Power        Failure   Level
a - Sandblast             Erth           80%          1%          1
b - Passwall              Tmut/Erth      20%          2%          2
c - Stone Arrow           Conj/Erth      64%          2%          3
d - Petrify               Tmut/Erth      25%          14%         4
e - Lee's Rapid Deconstr  Erth           20%          9%          5

Your spell library contained the following spells:

 Spells                   Type           Power        Failure   Level
 Animate Skeleton         Necr           12%          11%         1
 Apportation              Tloc           12%          11%         1
 Corona                   Hex            6%           11%         1
 Freeze                   Ice            24%          11%         1
 Summon Small Mammal      Summ           24%          11%         1
 Frozen Ramparts          Ice            12%          30%         3
 Ozocubu's Armour         Ice            6%           30%         3
 Hailstorm                Conj/Ice       14%          38%         4
 Summon Ice Beast         Ice/Summ       6%           71%         4


Dungeon Overview and Level Annotations

Branches:
Dungeon (7/15)             Temple (1/1) D:5         Ossuary (visited)

Altars:
Ashenzari
Cheibriados
Dithmenos
Elyvilon
Fedhas
Gozag
Hepliaklqana
Kikubaaqudgha
Makhleb
Nemelex Xobeh
Okawaru
Qazlal
Ru
Trog
Uskayaw
Vehumet
Wu Jian
Yredelemnul
Zin
The Shining One

Shops:
D:7 *


Innate Abilities, Weirdness & Mutations

You are resistant to torment.
Your stone body is resilient. (AC +6)
You are immune to poison.
You resist negative energy. (rN+)
You are resistant to electric shocks. (rElec)
You can survive without breathing.
You are immune to petrification.
You are immune to miasma.


Message History

You hit the orc.
The orc is heavily wounded.
The orc closely misses you.
The orc warrior hits you with a +0 mace.
The orc hits you but does no damage.
You closely miss the orc.
The orc is severely wounded.
The orc barely misses you.
The orc warrior hits you with a +0 mace.
* * * LOW HITPOINT WARNING * * *
The orc hits you but does no damage.
You hit the orc.
You kill the orc!
The orc barely misses you. The orc misses you.
You puncture the orc!
You kill the orc!
The orc warrior misses you. The orc misses you.
The orc warrior hits you with a +0 mace!
You die...
Your body crumbles into a pile of gold.

#.. #.....#<... #.#
#.......... #.#
#.....###># #.#
###>....##### #.#
#...#.......#
##.#####...#.#####.#
##...##.>.....#####.#
#.................#.#
##oo@##.......#.#....
##.#####...#.#...#.#
### #...#.......#
############# # # #


You could see an orc warrior and an orc.

Vanquished Creatures
  Sigmund (D:2)
  A wraith (Ossuary)
  Menkaure (D:6)
  2 black bears (D:7)
  An orc warrior (D:7)
  A necrophage (D:6)
  A centaur (D:5)
  4 ogres
  4 bullfrogs
  6 killer bees
  4 jellies
  A howler monkey (D:5)
  A bullfrog zombie (D:4)
  An orc priest (D:7)
  3 hounds
  A bullfrog skeleton (D:7)
  Ijyb (D:3)
  Natasha (thrice) (D:2)
  4 orc wizards
  2 worker ants
  A mummy (Ossuary)
  A gnoll (D:1)
  3 adders
  2 white imps
  3 oozes
  4 adder skeletons
  An adder zombie (D:6)
  5 worms
  3 dart slugs
  6 leopard geckos
  13 orcs
  4 giant cockroaches
  8 goblins
  5 hobgoblins
  6 jackals
  11 kobolds
  2 quokkas
  3 ball pythons
  7 bats
  2 frilled lizards
  6 gnoll skeletons (Ossuary)
  A jackal skeleton (D:5)
  10 kobold skeletons (Ossuary)
  9 orc skeletons (Ossuary)
  7 rats
166 creatures vanquished.

Notes
Turn   | Place    | Note
-------+----------+-------------------------------------------
     0 | D:1      | Zeld the Gargoyle Earth Elementalist began the quest for
                  | the Orb.
     0 | D:1      | Reached XP level 1. HP: 10/10 MP: 3/3
   124 | D:1      | Reached XP level 2. HP: 10/15 MP: 0/5
   286 | D:1      | Learned a level 2 spell: Passwall
   356 | D:1      | Reached skill level 1 in Transmutations
   434 | D:1      | Reached skill level 4 in Earth Magic
   609 | D:1      | Reached XP level 3. HP: 19/19 MP: 3/6
   613 | D:1      | Learned a level 3 spell: Stone Arrow
  1439 | D:2      | Reached XP level 4. HP: 14/24 MP: 7/7
  1737 | D:2      | Noticed Sigmund
  1756 | D:2      | Killed Sigmund
  1757 | D:2      | Reached skill level 1 in Armour
  1757 | D:2      | Reached skill level 1 in Conjurations
  1757 | D:2      | Reached skill level 5 in Earth Magic
  1757 | D:2      | Reached XP level 5. HP: 21/28 MP: 9/9
  1763 | D:2      | Learned a level 4 spell: Petrify
  1847 | D:2      | Noticed Natasha
  2103 | D:2      | Killed Natasha
  2104 | D:2      | Reached XP level 6. HP: 28/32 MP: 9/11
  2419 | D:2      | Found a blossoming altar of Fedhas.
  2756 | D:2      | Noticed Natasha
  2764 | D:2      | Killed Natasha
  3096 | D:2      | Noticed Natasha
  3103 | D:2      | Killed Natasha
  3865 | D:2      | Found a blossoming altar of Fedhas.
  4045 | D:3      | Noticed Ijyb
  4060 | D:3      | Killed Ijyb
  4266 | D:3      | Found a glowing silver altar of Zin.
  4529 | D:4      | Reached XP level 7. HP: 35/36 MP: 12/12
  4569 | D:4      | Found a white marble altar of Elyvilon.
  4572 | D:4      | Found a burning altar of Makhleb.
  4574 | D:4      | Found a broken altar of Ashenzari.
  5387 | D:4      | Noticed a moth of wrath
  5391 | D:4      | Found a bloodstained altar of Trog.
  5539 | D:5      | Entered Level 5 of the Dungeon
  5850 | D:5      | Reached skill level 6 in Earth Magic
  5883 | D:5      | Found a staircase to the Ecumenical Temple.
  5910 | Temple   | Entered the Ecumenical Temple
  6033 | Temple   | Became a worshipper of Gozag Ym Sagoz the Greedy
  6574 | D:6      | Found a sand-covered staircase.
  6587 | Ossuary  | Entered an ossuary
  6587 | Ossuary  | Noticed a wraith
  6587 | Ossuary  | Noticed a wraith
  6587 | Ossuary  | Noticed a wraith
  6947 | Ossuary  | Noticed a wraith
  6987 | Ossuary  | Killed a wraith
  6988 | Ossuary  | Reached XP level 8. HP: 14/41 MP: 1/14
  7216 | Ossuary  | Learned a level 5 spell: Lee's Rapid Deconstruction
  7858 | D:6      | Reached skill level 7 in Earth Magic
  7863 | D:6      | Reached skill level 5 in Spellcasting
  8231 | D:6      | Found an ornate altar of the Wu Jian Council.
  8602 | D:7      | Noticed Menkaure
  8894 | D:6      | Killed Menkaure
  8895 | D:6      | Reached skill level 5 in Stealth
  8953 | D:7      | Reached XP level 9. HP: 29/45 MP: 12/17
  9652 | D:7      | Reached skill level 8 in Earth Magic
 10141 | D:7      | Bought a potion of brilliance for 44 gold pieces
 10141 | D:7      | Bought a potion of haste for 110 gold pieces
 10141 | D:7      | Bought 29 stones for 31 gold pieces
 10141 | D:7      | Bought 22 stones for 24 gold pieces
 10141 | D:7      | Bought 20 stones for 22 gold pieces
 10704 | D:7      | Slain by an orc warrior

Illustrated notes

Levels and vault maps discovered:
D:1:      saegor_arrival_simple_e, layout_basic, corexii_leaking_fountain,
          st_stairs_2, grunt_decor_mini_mirrors
D:2:      layout_rooms, fedhas_altar_fruit_tree, uniq_sigmund, uniq_natasha
D:3:      layout_loops_ring, zin_academy, uniq_ijyb
D:4:      layout_loops_corners, grunt_temple_overflow_open, tgw_trog
D:5:      layout_basic, minmay_temple_entry_ruins
D:6:      layout_basic, basic_altar, enter_ossuary_1, minmay_misc_feat_iff
D:7:      layout_loops_cross, uniq_menkaure
Temple:   regret_index_temple_waves

Skill      XL: |  1  2  3  4  5  6  7  8  9 |
---------------+----------------------------+-----
Transmutations | 1 |  1.0
Earth Magic    | 4 5 6 7 8 |  8.5
Armour         | 1 2 3 4 |  4.3
Dodging        | 2 3 4 |  4.0
Stealth        | 3 4 5 |  5.8
Spellcasting   | 3 4 5 6 |  6.2
Conjurations   | 1 2 3 4 |  4.3

Action                   |  1- 3 |  4- 6 |  7- 9 || total
-------------------------+-------+-------+-------++-------
Melee: Unarmed           |     3 |       |       ||     3
       Dagger            |     9 |   107 |   170 ||   286
 Cast: Sandblast         |    44 |       |   128 ||   172
       Stone Arrow       |       |       |     3 ||     3
Invok: Call Merchant     |       |       |     1 ||     1
  Use: Scroll            |       |       |    14 ||    14
 Stab: Sleeping          |       |     3 |    12 ||    15
Armor: Robe              |    22 |    38 |    88 ||   148
Dodge: Dodged            |    43 |    71 |   157 ||   271
